DTBL
NATIONAL DIVISION ALL-STARS @ AMERICAN DIVISION ALL-STARS
07/16/2017
 
TOP OF THE 1ST
National Division All-Stars batting - Pitching for American Division All-Stars : LHP Chris Sale
Pitching: LHP Chris Sale
Batting: RHB George Springer 0-0: Swinging Strike
0-1: Swinging Strike
0-2: Ball
1-2: Strikes out swinging
Batting: LHB Bryce Harper 0-0: Ball
1-0: Foul Ball, location: 2F
1-1: Ball
2-1: Ball
3-1: Called Strike
3-2: SINGLE (Groundball, 6S) (infield hit)
Batting: RHB Mike Trout 0-0: Called Strike
0-1: Ball
1-1: Swinging Strike
1-2: Ball
2-2: Foul Ball, location: 9LMF
2-2: Strikes out swinging
Batting: RHB Aaron Judge 0-0: Ball
1-0: Ball
2-0: Ball
3-0: Base on Balls
Bryce Harper to second
Batting: LHB Daniel Murphy 0-0: Fly out, F9 (Flyball, 9S)
Top of the 1st over - 0 run(s), 1 hit(s), 0 error(s), 2 left on base; National Division 0 - American Division 0
BOTTOM OF THE 1ST
American Division All-Stars batting - Pitching for National Division All-Stars : RHP Max Scherzer
Pitching: RHP Max Scherzer
Batting: LHB Corey Seager 0-0: Called Strike
0-1: Foul Ball, location: 2F
0-2: Strikes out swinging
Batting: RHB Marcell Ozuna 0-0: Ball
1-0: Swinging Strike
1-1: Foul Ball, location: 2F
1-2: Strikes out swinging
Batting: RHB Paul Goldschmidt 0-0: Ball
1-0: Foul Ball, location: 3DF
1-1: Swinging Strike
1-2: Ground out 4-3 (Groundball, 4)
Bottom of the 1st over - 0 run(s), 0 hit(s), 0 error(s), 0 left on base; National Division 0 - American Division 0
TOP OF THE 2ND
National Division All-Stars batting - Pitching for American Division All-Stars : LHP Chris Sale
Batting: RHB Ryan Zimmerman 0-0: Foul Ball, location: 2F
0-1: SINGLE (Line Drive, 7S)
Batting: RHB Buster Posey 0-0: Foul Ball, location: 2F
0-1: Foul Ball, location: 9LMF
0-2: Foul Ball, location: 2F
0-2: Hit by Pitch
Ryan Zimmerman to second
Batting: RHB Ryon Healy 0-0: SINGLE (Flyball, 78S)
Ryan Zimmerman to third
Buster Posey to second
Runner from 3rd tries for Home, throw and OUT!
Batting: RHB Elvis Andrus 0-0: Called Strike
0-1: Ball
1-1: Ball
2-1: Ball
3-1: Foul Ball, location: 2F
3-2: Foul Ball, location: 5F
3-2: Foul Ball, location: 2F
3-2: Strikes out swinging
Batting: RHB George Springer 0-0: Ball
1-0: Swinging Strike
1-1: Foul Ball, location: 2F
1-2: Foul Ball, location: 7LMF
1-2: Ground out 3-1 (Groundball, 2R)
Top of the 2nd over - 0 run(s), 2 hit(s), 0 error(s), 2 left on base; National Division 0 - American Division 0
BOTTOM OF THE 2ND
American Division All-Stars batting - Pitching for National Division All-Stars : RHP Max Scherzer
Batting: LHB Joey Votto 0-0: Called Strike
0-1: Fly out, F3 (Popup, 34S)
Batting: LHB Corey Dickerson 0-0: Called Strike
0-1: Foul Ball, location: 2F
0-2: Foul Ball, location: 2F
0-2: Foul Ball, location: 9LSF
0-2: Strikes out looking
Batting: RHB Khris Davis 0-0: Called Strike
0-1: Foul Ball, location: 2F
0-2: Strikes out swinging
Bottom of the 2nd over - 0 run(s), 0 hit(s), 0 error(s), 0 left on base; National Division 0 - American Division 0
TOP OF THE 3RD
National Division All-Stars batting - Pitching for American Division All-Stars : LHP Chris Sale
Pitching: RHP Zack Greinke
Batting: LHB Bryce Harper 0-0: Ball
1-0: Ball
2-0: Ball
3-0: Base on Balls
Batting: RHB Mike Trout 0-0: Foul Ball, location: 2F
0-1: Foul Ball, location: 2F
0-2: Strikes out swinging
Batting: RHB Aaron Judge 0-0: Called Strike
0-1: Called Strike
0-2: Ball
1-2: Grounds into double play, 4-6-3 (Groundball, 34)
Top of the 3rd over - 0 run(s), 0 hit(s), 0 error(s), 0 left on base; National Division 0 - American Division 0
BOTTOM OF THE 3RD
American Division All-Stars batting - Pitching for National Division All-Stars : RHP Max Scherzer
Pitching: LHP Clayton Kershaw
Batting: LHB Jake Lamb 0-0: Called Strike
0-1: Swinging Strike
0-2: Ball
1-2: Foul Ball, location: 23F
1-2: Strikes out looking
Batting: RHB Brian Dozier 0-0: Called Strike
0-1: Ball
1-1: Foul Ball, location: 2F
1-2: Ball
2-2: Ball
3-2: Fly out, F9 (Flyball, 9S)
Batting: RHB Salvador Perez 0-0: Called Strike
0-1: SOLO HOME RUN (Flyball, 7D), Distance : 375 ft
Batting: LHB Corey Seager 0-0: Ball
1-0: Foul Ball, location: 2F
1-1: Foul Ball, location: 2F
1-2: DOUBLE (Line Drive, 78XD)
Batting: RHB Marcell Ozuna 0-0: DOUBLE (Line Drive, 7LM)
Corey Seager scores
Batting: RHB Paul Goldschmidt 0-0: Ball
1-0: Fly out, F9 (Flyball, 9D)
Bottom of the 3rd over - 2 run(s), 3 hit(s), 0 error(s), 1 left on base; National Division 0 - American Division 2
TOP OF THE 4TH
National Division All-Stars batting - Pitching for American Division All-Stars : RHP Zack Greinke
Pitching: RHP Carlos Carrasco
Batting: LHB Daniel Murphy 0-0: Foul Ball, location: 2F
0-1: Called Strike
0-2: Strikes out swinging
Batting: RHB Ryan Zimmerman 0-0: Ball
1-0: Fly out, F9 (Flyball, 9LMF)
Batting: RHB Buster Posey 0-0: Ball
1-0: Foul Ball, location: 2F
1-1: Foul Ball, location: 2F
1-2: SINGLE (Groundball, 56D)
Batting: RHB Ryon Healy 0-0: Ball
1-0: Foul Ball, location: 2F
1-1: Fielders Choice at 2nd, 5-4 (Groundball, 56)
Top of the 4th over - 0 run(s), 1 hit(s), 0 error(s), 0 left on base; National Division 0 - American Division 2
BOTTOM OF THE 4TH
American Division All-Stars batting - Pitching for National Division All-Stars : LHP Clayton Kershaw
Pitching: RHP Corey Kluber
Batting: LHB Joey Votto 0-0: Swinging Strike
0-1: Swinging Strike
0-2: Ball
1-2: Strikes out looking
Batting: LHB Corey Dickerson 0-0: Ball
1-0: Foul Ball, location: 7LDF
1-1: SINGLE (Groundball, 4MD)
Batting: RHB Khris Davis 0-0: Ball
1-0: Called Strike
1-1: Swinging Strike
1-2: Strikes out swinging
Batting: LHB Jake Lamb 0-0: Ball
1-0: Ball
2-0: Ball
3-0: Called Strike
3-1: Base on Balls
Corey Dickerson to second
Batting: RHB Brian Dozier 0-0: Ball
1-0: Called Strike
1-1: Foul Ball, location: 2F
1-2: Ball
2-2: Strikes out swinging
Bottom of the 4th over - 0 run(s), 1 hit(s), 0 error(s), 2 left on base; National Division 0 - American Division 2
TOP OF THE 5TH
National Division All-Stars batting - Pitching for American Division All-Stars : RHP Carlos Carrasco
Pitching: LHP Dallas Keuchel
Batting: RHB Elvis Andrus 0-0: Called Strike
0-1: Foul Ball, location: 2F
0-2: Ball
1-2: Ball
2-2: Ball
3-2: Ground out U3 (Groundball, 34S)
Batting: RHB George Springer 0-0: Swinging Strike
0-1: Called Strike
0-2: Ball
1-2: Strikes out swinging
Batting: LHB Bryce Harper 0-0: Ball
1-0: Ball
2-0: Ball
3-0: Swinging Strike
3-1: Base on Balls
Batting: RHB Mike Trout 0-0: Ball
1-0: Ball
2-0: Called Strike
2-1: DOUBLE (Flyball, 8RXD)
Bryce Harper to third
Runner from 3rd tries for Home, SAFE, no throw
Batting: RHB Aaron Judge 0-0: Swinging Strike
0-1: Foul Ball, location: 2F
0-2: Ball
1-2: Strikes out swinging
Top of the 5th over - 1 run(s), 1 hit(s), 0 error(s), 1 left on base; National Division 1 - American Division 2
BOTTOM OF THE 5TH
American Division All-Stars batting - Pitching for National Division All-Stars : RHP Corey Kluber
Pitching: RHP Carlos Martinez
Now at 1B: Freddie Freeman
Now at 2B: Jose Altuve
Now at SS: Carlos Correa
Now in LF: Charlie Blackmon
Batting: RHB Salvador Perez 0-0: Fly out, F8 (Flyball, 8RD)
Batting: LHB Corey Seager 0-0: Ball
1-0: Ball
2-0: Ball
3-0: Base on Balls
Pinch Hitting: RHB Trea Turner 0-0: Ball
1-0: SINGLE (Line Drive, 4MD)
Corey Seager to second
Batting: RHB Paul Goldschmidt 0-0: Ball
1-0: Called Strike
1-1: Ball
2-1: Called Strike
2-2: Ball
3-2: Foul Ball, location: 2F
3-2: Strikes out looking
Batting: LHB Joey Votto 0-0: Ball
1-0: Swinging Strike
1-1: Ball
2-1: Ball
3-1: Swinging Strike
3-2: Base on Balls
Corey Seager to third
Trea Turner to second
Pinch Hitting: RHB Giancarlo Stanton 0-0: Ball
1-0: Called Strike
1-1: Fly out, F8 (Flyball, 8RXD)
Bottom of the 5th over - 0 run(s), 1 hit(s), 0 error(s), 3 left on base; National Division 1 - American Division 2
TOP OF THE 6TH
National Division All-Stars batting - Pitching for American Division All-Stars : LHP Dallas Keuchel
Pitching: LHP Robbie Ray
Now at 3B: Nolan Arenado
Now at SS: Chris Owings
Now in CF: Trea Turner
Now in RF: Giancarlo Stanton
Batting: RHB Jose Altuve 0-0: Called Strike
0-1: Called Strike
0-2: Strikes out swinging
Batting: LHB Freddie Freeman 0-0: Ball
1-0: Swinging Strike
1-1: Ball
2-1: Swinging Strike
2-2: Ball
3-2: Strikes out swinging
Batting: RHB Buster Posey 0-0: SINGLE (Line Drive, 8RS)
Pitching: RHP Raisel Iglesias
Batting: RHB Ryon Healy 0-0: Foul Ball, location: 2F
0-1: Called Strike
0-2: Ball
1-2: Foul Ball, location: 2F
1-2: Strikes out swinging
Top of the 6th over - 0 run(s), 1 hit(s), 0 error(s), 1 left on base; National Division 1 - American Division 2
BOTTOM OF THE 6TH
American Division All-Stars batting - Pitching for National Division All-Stars : RHP Carlos Martinez
Pitching: RHP Jim Johnson
Now at C: Brian McCann
Batting: RHB Khris Davis 0-0: Foul Ball, location: 9LDF
0-1: Foul Ball, location: 3F
0-2: Ball
1-2: Strikes out swinging
Batting: RHB Nolan Arenado 0-0: SINGLE (Groundball, 6MD)
Batting: RHB Brian Dozier 0-0: Foul Ball, location: 2F
0-1: Swinging Strike
0-2: Strikes out looking
Pinch Hitting: RHB Gary Sanchez 0-0: Ball
1-0: SINGLE (Groundball, 4MD)
Nolan Arenado to second
Pitching: RHP Corey Knebel
Batting: RHB Chris Owings 0-0: Called Strike
0-1: Ball
1-1: Swinging Strike
1-2: Strikes out swinging
Bottom of the 6th over - 0 run(s), 2 hit(s), 0 error(s), 2 left on base; National Division 1 - American Division 2
TOP OF THE 7TH
National Division All-Stars batting - Pitching for American Division All-Stars : RHP Raisel Iglesias
Pitching: RHP Greg Holland
Now at C: Gary Sanchez
Batting: RHB Carlos Correa 0-0: Called Strike
0-1: Ball
1-1: Ball
2-1: Ball
3-1: Base on Balls
Batting: LHB Charlie Blackmon 0-0: DOUBLE (Line Drive, 7LD)
Carlos Correa to third
Runner from 3rd tries for Home, SAFE, no throw
Batting: LHB Bryce Harper 0-0: Foul Ball, location: 2F
0-1: Ball
1-1: Ball
2-1: Ball
3-1: Base on Balls
Batting: RHB Mike Trout 0-0: Called Strike
0-1: Fly out, F8 (Flyball, 8LD)
Batting: RHB Aaron Judge 0-0: Foul Ball, location: 2F
0-1: Ball
1-1: Foul Ball, location: 2F
1-2: Strikes out swinging
Batting: RHB Jose Altuve 0-0: SINGLE (Line Drive, 8RS)
Charlie Blackmon to third
Bryce Harper to second
Runner from 3rd tries for Home, SAFE, throw made home
Batting: LHB Freddie Freeman 0-0: Ball
1-0: Ball
2-0: Ball
3-0: Called Strike
3-1: Base on Balls
Bryce Harper to third
Jose Altuve to second
Pitching: RHP Roberto Osuna
Batting: LHB Brian McCann 0-0: Called Strike
0-1: Ball
1-1: Called Strike
1-2: Foul Ball, location: 2F
1-2: Strikes out swinging
Top of the 7th over - 2 run(s), 2 hit(s), 0 error(s), 3 left on base; National Division 3 - American Division 2
BOTTOM OF THE 7TH
American Division All-Stars batting - Pitching for National Division All-Stars : RHP Corey Knebel
Batting: RHB Trea Turner 0-0: Ball
1-0: Foul Ball, location: 2F
1-1: Ball
2-1: Swinging Strike
2-2: Strikes out swinging
Batting: RHB Paul Goldschmidt 0-0: Ball
1-0: Ball
2-0: Called Strike
2-1: Ball
3-1: Base on Balls
Pitching: LHP Andrew Miller
Batting: LHB Joey Votto 0-0: Ball
1-0: Swinging Strike
1-1: Called Strike
1-2: Ball
Paul Goldschmidt steals 2nd base
2-2: Ball
3-2: Strikes out looking
Batting: RHB Giancarlo Stanton 0-0: Ground out 4-3 (Groundball, 4M)
Bottom of the 7th over - 0 run(s), 0 hit(s), 0 error(s), 1 left on base; National Division 3 - American Division 2
TOP OF THE 8TH
National Division All-Stars batting - Pitching for American Division All-Stars : RHP Roberto Osuna
Batting: RHB Ryon Healy 0-0: Ball
1-0: Ball
2-0: Called Strike
2-1: Foul Ball, location: 2F
2-2: Strikes out looking
Batting: RHB Carlos Correa 0-0: Called Strike
0-1: Ball
1-1: Foul Ball, location: 2F
1-2: Strikes out swinging
Batting: LHB Charlie Blackmon 0-0: Swinging Strike
0-1: Foul Ball, location: 2F
0-2: Foul Ball, location: 2F
0-2: Strikes out swinging
Top of the 8th over - 0 run(s), 0 hit(s), 0 error(s), 0 left on base; National Division 3 - American Division 2
BOTTOM OF THE 8TH
American Division All-Stars batting - Pitching for National Division All-Stars : LHP Andrew Miller
Pitching: RHP Stephen Strasburg
Batting: RHB Khris Davis 0-0: Ball
1-0: Foul Ball, location: 2F
1-1: Called Strike
1-2: Ball
2-2: Ball
3-2: Foul Ball, location: 2F
3-2: Strikes out swinging
Batting: RHB Nolan Arenado 0-0: Called Strike
0-1: Foul Ball, location: 2F
0-2: Foul Ball, location: 2F
0-2: Ball
1-2: Ball
2-2: Strikes out looking
Batting: RHB Brian Dozier 0-0: Ball
1-0: Swinging Strike
1-1: Ball
2-1: Foul Ball, location: 2F
2-2: Foul Ball, location: 2F
2-2: Foul Ball, location: 2F
2-2: Strikes out swinging
Bottom of the 8th over - 0 run(s), 0 hit(s), 0 error(s), 0 left on base; National Division 3 - American Division 2
TOP OF THE 9TH
National Division All-Stars batting - Pitching for American Division All-Stars : RHP Roberto Osuna
Pitching: RHP Craig Kimbrel
Batting: LHB Bryce Harper 0-0: SOLO HOME RUN (Flyball, 9LD), Distance : 387 ft
Batting: RHB Mike Trout 0-0: Ball
1-0: Ball
2-0: Foul Ball, location: 9LMF
2-1: Ball
3-1: SOLO HOME RUN (Flyball, 78XD), Distance : 410 ft
Batting: RHB Aaron Judge 0-0: Ball
1-0: Ball
2-0: Called Strike
2-1: Called Strike
2-2: Strikes out swinging
Batting: RHB Jose Altuve 0-0: Called Strike
0-1: Ball
1-1: Ball
2-1: Ball
3-1: Base on Balls
Batting: LHB Freddie Freeman 0-0: Foul Ball, location: 5SF
0-1: Ball
1-1: Ball
2-1: Called Strike
2-2: Strikes out swinging
Batting: LHB Brian McCann 0-0: Called Strike
0-1: Ball
1-1: Called Strike
Jose Altuve is caught stealing 2nd base
Top of the 9th over - 2 run(s), 2 hit(s), 0 error(s), 0 left on base; National Division 5 - American Division 2
BOTTOM OF THE 9TH
American Division All-Stars batting - Pitching for National Division All-Stars : RHP Stephen Strasburg
Pitching: RHP Kenley Jansen
Batting: RHB Gary Sanchez 0-0: Called Strike
0-1: Foul Ball, location: 7LDF
0-2: Strikes out swinging
Batting: RHB Chris Owings 0-0: Called Strike
0-1: Swinging Strike
0-2: Strikes out swinging
Batting: RHB Trea Turner 0-0: Ground out 4-3 (Groundball, 4)
Bottom of the 9th over - 0 run(s), 0 hit(s), 0 error(s), 0 left on base; National Division 5 - American Division 2
Sunday, July 16th, 2017 - OOTP Baseball 18.6 Build 61